Map: Submarine LE

Players

MissFanta (ThuocLao) - Winner!

  • Race: Protoss Protoss
  • League: Grandmaster
  • Spawn Location: 5:00

Leo (LeoRusher)

  • Race: Protoss Protoss
  • League: Grandmaster
  • Spawn Location: 11:00

Event: DreamHack SC2 Masters 2020 Winter

VOD

Have the link to the VOD?

Description

Time

  • Played on: Oct. 17, 2020, 1:12 a.m.
  • Length: 5:24

All games in this series

Show
View Real Time Build Order
Export as new Build Order

MissFanta Protoss - Winner!

Build Orders:  

Get SALT Encoding   

  12  0:00  Probe  
  13  0:12  Probe  
  14  0:16  Pylon  
  14  0:24  Probe  
  15  0:35  Gateway  
  15  0:38  Probe (Chrono Boost)  
  16  0:44  Assimilator  
  16  0:48  Probe (Chrono Boost)  
  17  0:53  Probe (Chrono Boost)  
  17  0:56  Assimilator  
  18  1:05  Probe (Chrono Boost)  
  19  1:12  Gateway  
  19  1:17  Probe (Chrono Boost)  
  20  1:23  Cybernetics Core  
  20  1:25  Probe (Chrono Boost)  
  21  1:31  Probe  
  21  1:36  Pylon  
  22  1:43  Probe  
  23  1:49  Gateway  
  23  1:58  Stalker (Chrono Boost)  
  27  2:07  Adept (Chrono Boost)  
  27  2:08  Shield Battery  
  27  2:24  Warp Gate, Shield Battery  
  27  2:25  Adept (Chrono Boost)  
  29  2:33  Gateway  
  29  2:42  Gateway  
  30  3:04  Pylon  
  29  3:08  Pylon  
  29  3:11  Adept (Chrono Boost)  
  28  3:17  Adept (Chrono Boost)  
  17  3:34  Probe  
  17  3:35  Shield Battery  
  11  4:12  Adept  
  11  4:13  Adept  
  15  4:25  Probe  
  16  4:35  Adept  
  16  4:37  Probe  
  19  4:49  Probe  
  19  4:50  Pylon  
  20  5:02  Pylon  
  20  5:05  Probe  
Show
View Real Time Build Order
Export as new Build Order

Leo Protoss 

Build Orders:  

Get SALT Encoding   

  12  0:00  Probe  
  13  0:18  Probe  
  14  0:29  Pylon  
  14  0:30  Probe  
  15  0:47  Gateway  
  15  0:49  Gateway  
  15  0:58  Gateway  
  15  1:08  Gateway  
  15  1:18  Pylon  
  15  1:33  Zealot (Chrono Boost)  
  15  1:34  Zealot (Chrono Boost)  
  21  1:48  Zealot (Chrono Boost)  
  21  1:53  Zealot (Chrono Boost)  
  23  1:55  Zealot (Chrono Boost)  
  27  2:06  Zealot (Chrono Boost)  
  27  2:12  Zealot (Chrono Boost)  
  30  2:23  Pylon  
  30  2:25  Zealot (Chrono Boost)  
  30  2:37  Zealot  
  30  2:47  Zealot x2  
  30  2:50  Zealot  
  34  3:04  Zealot  
  32  3:14  Zealot x2  
  34  3:20  Zealot  
  32  3:31  Zealot  
  32  3:41  Zealot x2  
  32  3:47  Zealot  
  32  3:58  Zealot  
  34  4:08  Zealot  
  36  4:19  Zealot x2 (Chrono Boost)  
  34  4:26  Zealot (Chrono Boost)  
  34  4:43  Zealot (Chrono Boost)  
  34  4:44  Zealot (Chrono Boost)  
  34  4:48  Zealot (Chrono Boost)  
  34  4:50  Zealot (Chrono Boost)  
Tags
 
Add a new tag
Caveats
  • Supply blocks, unpowered buildings, or Contaminate may cause inaccurate times.
  • Supply counts are checked every 10 seconds.